[ AOE2 MATCH · #493808371 ]
UnrankedJapanese vs Mongols
Player's team · WIN
Rival team · LOSS
[ REPLAY ANALYSIS · EXTRACTED FROM THE RECORDED GAME ]
Feudal
13:03
Castle
17:08
Imperial
—
| APM avg | 41.1 |
| APM peak | 69 |
| eAPM avg | 17.4 |
| Villagers / military | 33 / 5 |
Focus
⚔️ 39.0% · 🌾 61.0%
Fishing Ship ×11 · Samurai ×4 · Battering Ram ×1
Feudal
11:01
Castle
—
Imperial
—
| APM avg | 46.0 |
| APM peak | 95 |
| eAPM avg | 18.5 |
| Villagers / military | 29 / 1 |
Focus
⚔️ 33.3% · 🌾 66.7%
Fishing Ship ×6 · Unknown (2626) ×2 · Archer ×1
Match map
Initial resources + every placement click. Lines = walls · curves = elevation contours. ◆ gold · ⬟ stone · ● berries · ✦ relic · ◌ wall gap
Your base· Open — unwalled flank
TAG_Wayne's base· Open — 6t gap
Smoothed initial terrain · ◌ = detected wall gap · hover for details
Inputs per minute
— Brunker - - TAG_Wayne
Build order — Brunker
89 actions detected in the replay
| 0:08 | Build | Dock |
| 0:14 | Build | Town Center |
| 0:30 | Build | House |
| 2:21 | Queue | Villager (Male) |
| 2:21 | Queue | Villager (Male) |
| 2:22 | Queue | Villager (Male) |
| 2:22 | Queue | Villager (Male) |
| 3:29 | Queue | Villager (Male) |
| 3:31 | Queue | Fishing Ship |
| 3:31 | Queue | Fishing Ship |
| 4:29 | Build | House |
| 4:33 | Queue | Villager (Male) |
| 4:55 | Queue | Villager (Male) |
| 5:07 | Queue | Fishing Ship |
| 5:26 | Queue | Villager (Male) |
| 5:27 | Queue | Villager (Male) |
| 5:35 | Build | House |
| 5:54 | Queue | Villager (Male) |
| 5:54 | Queue | Villager (Male) |
| 5:55 | Queue | Fishing Ship |
| 6:13 | Queue | Villager (Male) |
| 6:13 | Queue | Villager (Male) |
| 6:32 | Queue | Fishing Ship |
| 6:32 | Queue | Fishing Ship |
| 6:44 | Queue | Villager (Male) |
| 6:47 | Queue | Villager (Male) |
| 6:47 | Queue | Villager (Male) |
| 6:57 | Build | House |
| 7:16 | Queue | Fishing Ship |
| 7:17 | Queue | Villager (Male) |
| 7:17 | Queue | Villager (Male) |
| 7:46 | Build | House |
| 7:50 | Queue | Villager (Male) |
| 8:09 | Queue | Villager (Male) |
| 8:20 | Queue | Fishing Ship |
| 8:54 | Research | Loom |
| 8:54 | Research | Loom |
| 8:55 | Queue | Fishing Ship |
| 9:07 | Queue | Villager (Male) |
| 9:23 | Queue | Villager (Male) |
| 9:24 | Queue | Fishing Ship |
| 9:34 | Build | Mining Camp |
| 9:54 | Build | House |
| 9:54 | Queue | Villager (Male) |
| 10:33 | Build | Palisade Wall |
| 10:35 | Queue | Fishing Ship |
| 10:53 | Research | Feudal Age |
| 10:59 | Build | Dock |
| 11:40 | Build | Outpost |
| 11:53 | Build | House |
| 12:08 | Build | Barracks |
| 13:03 | Age | Feudal Age |
| 13:06 | Build | Archery Range |
| 13:10 | Queue | Villager (Male) |
| 13:29 | Build | Palisade Wall |
| 13:30 | Build | Palisade Wall |
| 13:40 | Build | Palisade Wall |
| 13:45 | Queue | Villager (Male) |
| 13:51 | Build | Blacksmith |
| 14:24 | Build | Mining Camp |
| 14:28 | Research | Castle Age |
| 15:21 | Build | Lumber Camp |
| 15:44 | Research | Double-Bit Axe |
| 16:23 | Research | Tech 906 |
| 17:08 | Age | Castle Age |
| 17:30 | Build | Castle |
| 17:37 | Build | House |
| 17:39 | Build | Palisade Wall |
| 17:41 | Build | Palisade Wall |
| 17:48 | Queue | Villager (Male) |
| 17:48 | Queue | Villager (Male) |
| 17:50 | Research | Fletching |
| 17:50 | Research | Fletching |
| 18:47 | Build | Lumber Camp |
| 18:49 | Queue | Samurai |
| 18:49 | Queue | Samurai |
| 18:50 | Queue | Samurai |
| 18:51 | Queue | Villager (Male) |
| 18:52 | Queue | Villager (Male) |
| 19:10 | Build | Dock |
| 19:16 | Queue | Villager (Male) |
| 19:20 | Research | Scale Mail Armor |
| 19:21 | Queue | Samurai |
| 19:50 | Build | Siege Workshop |
| 20:10 | Queue | Villager (Male) |
| 20:32 | Queue | Villager (Male) |
| 20:53 | Queue | Villager (Male) |
| 21:13 | Build | Siege Workshop |
| 21:16 | Queue | Battering Ram |
Build order — TAG_Wayne
101 actions detected in the replay
| 0:03 | Build | Town Center |
| 0:31 | Build | Dock |
| 0:34 | Build | House |
| 2:13 | Queue | Villager (Male) |
| 2:14 | Queue | Villager (Male) |
| 2:14 | Queue | Villager (Male) |
| 2:14 | Queue | Villager (Male) |
| 3:26 | Queue | Fishing Ship |
| 3:49 | Queue | Villager (Male) |
| 3:55 | Build | House |
| 4:20 | Queue | Villager (Male) |
| 4:42 | Queue | Villager (Male) |
| 5:00 | Queue | Villager (Male) |
| 5:10 | Queue | Fishing Ship |
| 5:34 | Build | House |
| 5:43 | Build | House |
| 5:47 | Queue | Villager (Male) |
| 5:48 | Queue | Villager (Male) |
| 6:22 | Queue | Fishing Ship |
| 6:29 | Queue | Villager (Male) |
| 6:41 | Queue | Villager (Male) |
| 7:06 | Queue | Villager (Male) |
| 7:07 | Queue | Fishing Ship |
| 7:13 | Build | House |
| 7:18 | Build | House |
| 7:43 | Build | House |
| 7:47 | Build | Lumber Camp |
| 7:54 | Queue | Villager (Male) |
| 8:13 | Queue | Fishing Ship |
| 8:14 | Research | Loom |
| 8:51 | Research | Feudal Age |
| 9:21 | Build | Mining Camp |
| 9:55 | Build | Outpost |
| 10:04 | Build | Outpost |
| 10:08 | Build | Dock |
| 10:33 | Build | Dock |
| 10:44 | Build | Palisade Wall |
| 10:47 | Queue | Villager (Male) |
| 10:52 | Build | Outpost |
| 10:58 | Queue | Villager (Male) |
| 11:01 | Age | Feudal Age |
| 11:02 | Queue | Unit 2626 |
| 11:12 | Queue | Unit 2626 |
| 11:17 | Research | Double-Bit Axe |
| 11:24 | Build | Outpost |
| 11:26 | Research | Town Watch |
| 11:37 | Build | Outpost |
| 11:39 | Queue | Villager (Male) |
| 11:56 | Build | Outpost |
| 12:06 | Queue | Villager (Male) |
| 12:08 | Build | Outpost |
| 12:13 | Research | Tech 906 |
| 12:25 | Build | Palisade Gate |
| 12:31 | Build | Palisade Gate |
| 12:34 | Build | House |
| 12:39 | Build | Palisade Gate |
| 12:43 | Build | Palisade Wall |
| 12:48 | Build | House |
| 12:51 | Build | Palisade Wall |
| 12:56 | Build | House |
| 12:57 | Build | Palisade Wall |
| 13:01 | Queue | Villager (Male) |
| 13:20 | Queue | Villager (Male) |
| 13:43 | Build | Palisade Wall |
| 13:44 | Build | Palisade Wall |
| 13:45 | Build | Palisade Wall |
| 13:46 | Build | Palisade Wall |
| 13:47 | Build | Palisade Wall |
| 13:51 | Build | Palisade Wall |
| 13:52 | Build | Palisade Wall |
| 13:54 | Build | Palisade Wall |
| 14:08 | Build | Barracks |
| 14:09 | Queue | Villager (Male) |
| 14:20 | Queue | Villager (Male) |
| 14:29 | Build | Palisade Wall |
| 14:35 | Queue | Villager (Male) |
| 14:40 | Queue | Fishing Ship |
| 14:54 | Build | Archery Range |
| 14:58 | Build | Palisade Wall |
| 15:06 | Build | Palisade Wall |
| 15:15 | Queue | Villager (Male) |
| 15:31 | Queue | Villager (Male) |
| 15:52 | Queue | Archer |
| 15:55 | Build | Blacksmith |
| 15:59 | Queue | Villager (Male) |
| 16:21 | Queue | Villager (Male) |
| 16:43 | Build | Mill |
| 17:07 | Queue | Villager (Male) |
| 17:18 | Build | Stone Wall |
| 17:24 | Build | Stone Wall |
| 17:29 | Build | House |
| 17:31 | Build | House |
| 17:46 | Build | Palisade Wall |
| 17:58 | Build | House |
| 18:00 | Build | Palisade Wall |
| 18:07 | Build | Market |
| 18:52 | Research | Castle Age |
| 20:22 | Build | House |
| 20:24 | Build | House |
| 20:26 | Build | House |
| 20:49 | Queue | Villager (Male) |
Match timeline
| 0:08 | Brunker · first_building Dock |
| 0:31 | TAG_Wayne · first_building Dock |
| 10:33 | Brunker · wall_segment Palisade Wall x5 |
| 10:44 | TAG_Wayne · wall_segment Palisade Wall x6 |
| 11:01 | TAG_Wayne · age_up feudal |
| 12:08 | Brunker · first_building Barracks |
| 12:43 | TAG_Wayne · wall_segment Palisade Wall x1 |
| 12:51 | TAG_Wayne · wall_segment Palisade Wall x1 |
| 12:57 | TAG_Wayne · wall_segment Palisade Wall x1 |
| 13:03 | Brunker · age_up feudal |
| 13:06 | Brunker · first_building Archery Range |
| 13:29 | Brunker · wall_segment Palisade Wall x1 |
| 13:30 | Brunker · wall_segment Palisade Wall x1 |
| 13:40 | Brunker · wall_segment Palisade Wall x1 |
| 13:43 | TAG_Wayne · wall_segment Palisade Wall x1 |
| 13:44 | TAG_Wayne · wall_segment Palisade Wall x1 |
| 13:45 | TAG_Wayne · wall_segment Palisade Wall x1 |
| 13:46 | TAG_Wayne · wall_segment Palisade Wall x1 |
| 13:47 | TAG_Wayne · wall_segment Palisade Wall x1 |
| 13:51 | TAG_Wayne · wall_segment Palisade Wall x1 |
| 13:52 | TAG_Wayne · wall_segment Palisade Wall x1 |
| 13:54 | TAG_Wayne · wall_segment Palisade Wall x1 |
| 14:08 | TAG_Wayne · first_building Barracks |
| 14:29 | TAG_Wayne · wall_segment Palisade Wall x1 |
| 14:54 | TAG_Wayne · first_building Archery Range |
| 14:58 | TAG_Wayne · wall_segment Palisade Wall x1 |
| 15:06 | TAG_Wayne · wall_segment Palisade Wall x7 |
| 17:08 | Brunker · age_up castle |
| 17:18 | TAG_Wayne · wall_segment Stone Wall x1 |
| 17:24 | TAG_Wayne · wall_segment Stone Wall x6 |
| 17:30 | Brunker · first_building Castle |
| 17:39 | Brunker · wall_segment Palisade Wall x1 |
| 17:41 | Brunker · wall_segment Palisade Wall x1 |
| 17:46 | TAG_Wayne · wall_segment Palisade Wall x1 |
| 18:00 | TAG_Wayne · wall_segment Palisade Wall x1 |
| 18:51 | TAG_Wayne · first_market_buy 100 food |
| 19:50 | Brunker · first_building Siege Workshop |
| 21:17 | TAG_Wayne · resign |
[ AI ANALYSIS · 1 CREDIT ]
What really happened in this match?
Wolo.gg analyzes every decision: build order, eco, micro, common mistakes by bracket. Personalized analysis on WhatsApp or Discord in 30 seconds.
Civ guide
Japanese
Perfil
Jugador #287356